cohdb
Replays
Latest Replays
All Replays
Popular Replays
Top Player Replays
Match Explorer
How It Works
Community
CoH3 Stats
Reddit
Sign in to upload your games and track your stats! →
Sign in with Steam
Match 41361978
Unlisted
Match 41361978
Overview
Messages
Build Orders
End
Construct Barracks
Selects Advanced Infantry Battlegroup
Riflemen Squad
M1 Mortar Team
Riflemen Squad
Construct Weapon Support Center
Selects Convert to Ranger Squad
Construct Medical Station
Grenade Package
Selects Ammunition Storage
Air Support Center
Bazooka Squad
Grasshopper Recon Run
Bazooka Squad
M3 Armored Personnel Carrier
Grasshopper Recon Run
Engineer Squad
P-47 Strafing Run
Improved M9 Bazooka Rockets
Selects M2A1 105mm Howitzer Emplacement
Convert to Ranger Squad
Convert to Ranger Squad
Mairon
Blaze Rembrandt
Muneoman
kukudas
The Cook
pppp2200
Border of Life
CPU - VERY EASY
0
0
Comments
sign in to comment!
No comments posted yet!